 Dungeon Crawl Stone Soup version 0.31-a0-325-g067879e3d3 (webtiles) character file.

Game seed: 3293031251748415805

78521 Monkooky the Slayer (level 15, -12/189 HPs)
             Began as an Ogre Shapeshifter on July 18, 2023.
             Was an Initiate of Gozag.
             Killed by an exploding swamp worm (36 damage)
             ... ignited by their inner flame
             ... on level 1 of the Swamp.
             The game lasted 00:47:26 (25833 turns).

Monkooky the Slayer (Ogre Shapeshifter)            Turns: 25833, Time: 00:47:27

Health: -12/189    AC:  8    Str: 29    XL:     15   Next: 60%
Magic:  15/15      EV: 25    Int:  9    God:    Gozag
Gold:   6101       SH:  0    Dex:  7    Spells: 14/14 levels left

rFire   . . .        t - +12 glaive of Prune {freeze, Prune}
rCold   + . .        (shield currently unavailable)
rNeg    . . .        x - +1 robe "Zoddamna" {rC+ Str+4}
rPois   .            (helmet currently unavailable)
rElec   .            (cloak currently unavailable)
rCorr   .            (gloves unavailable)
SInv    .            (boots unavailable)
Will    +....        J - amulet of the acrobat
Stlth   +            K - +4 ring of protection
HPRegen 0.51/turn    S - +4 ring of protection
MPRegen 0.14/turn

%: acrobat
@: beast-form, corroded, gold aura, acrobatic
A: beast (slay +2), large, unfitting armour, tough skin 1, horns 1, clumsy 1,
weak 2, subdued magic 1
a: Begin Untransformation, Renounce Religion, Potion Petition, Call Merchant,
Bribe Branch


You were on level 1 of the Swamp.
You worshipped Gozag.
Gozag was greatly pleased with you.
You were a hulking beast.
You visited 5 branches of the dungeon, and saw 22 of its levels.
You also visited: Ossuary.

You collected 7210 gold pieces.
You spent 576 gold pieces at shops.
You paid 533 gold pieces to Gozag.

Inventory:

Hand Weapons
 t - the +12 glaive of Prune (weapon) {freeze, Prune}
   (You acquired it on level 5 of the Dungeon)

   Prune:     It halves damage taken while paralysed, petrified or unconscious.
Missiles
 q - 10 poisoned darts (quivered)
 V - a throwing net
Armour
 e - the +2 robe of Caivoomp {Contam +Inv rPois}
   (You took it off a boggart on level 12 of the Dungeon)

   rPois:     It protects you from poison.
   +Inv:      It lets you turn invisible.
   Contam:    It causes magical contamination when unequipped.
 r - a +0 cloak
 x - the +1 robe "Zoddamna" (worn) {rC+ Str+4}
   (You found it on level 12 of the Dungeon)

   Str:       It affects your strength (+4).
   rC:        It protects you from cold.
Jewellery
 b - a +6 ring of dexterity
 i - a ring of magical power
 l - a ring of see invisible
 F - a ring of positive energy
 J - an amulet of the acrobat (around neck)
 K - a +4 ring of protection (left hand)
 S - a +4 ring of protection (right hand)
Talismans
 c - a beast talisman
Wands
 A - a wand of polymorph (5)
 E - a wand of flame (22)
 M - a wand of charming (26)
 N - a wand of mindburst (6)
 Q - a wand of roots (6)
 T - a wand of digging (1)
 W - a wand of quicksilver (12)
Scrolls
 a - 2 scrolls of noise
 f - 2 scrolls of fog
 h - 9 scrolls of teleportation
 k - 3 scrolls of fear
 o - 2 scrolls of butterflies
 s - 3 scrolls of blinking
 v - 6 scrolls of vulnerability
 B - 5 scrolls of poison
 X - 4 scrolls of amnesia {unknown}
 Z - a scroll of silence
Potions
 g - 8 potions of heal wounds
 j - 2 potions of invisibility
 m - 8 potions of curing
 n - 3 potions of haste
 p - 6 potions of might
 u - 3 potions of attraction
 w - 2 potions of cancellation
 z - 3 potions of brilliance
 D - 5 potions of mutation
 G - 2 potions of ambrosia
 O - 2 potions of resistance
 U - a potion of magic {unknown}
 Y - 2 potions of enlightenment {unknown}
Miscellaneous
 d - a box of beasts
 R - a condenser vane (inert)


   Skills:
 - Level 21.8 Fighting
 - Level 20.0 Polearms
 + Level 2.8 Armour
 + Level 3.8 Dodging
 - Level 2.1 Unarmed Combat
 - Level 3.5 Shapeshifting


You had 14 spell levels left.
You didn't know any spells.
Your spell library contained the following spells:

 Spells                   Type           Power      Damage    Failure   Level
 Slow                     Hex            0%         N/A       34%         1
 Blink                    Tloc           0%         N/A       47%         2
 Lesser Beckoning         Tloc           0%         N/A       47%         2
 Momentum Strike          Conj/Tloc      0%         3d8       47%         2
 Poisonous Vapours        Pois/Air       0%         N/A       47%         2
 Confusing Touch          Hex            0%         N/A       73%         3
 Ignite Poison            Fire/Tmut/Pois 0%         N/A       73%         3
 Inner Flame              Hex/Fire       0%         N/A       73%         3
 Mephitic Cloud           Conj/Pois/Air  0%         N/A       73%         3
 Swiftness                Air            0%         N/A       73%         3
 Vampiric Draining        Necr           0%         2d6       73%         3
 Leda's Liquefaction      Hex/Erth       0%         N/A       98%         4
 Sticky Flame             Conj/Fire      0%         2d3       98%         4
 Freezing Cloud           Conj/Ice/Air   0%         6-21      100%        5
 Lee's Rapid Deconstruct  Erth           0%         3d4*      100%        5
 Yara's Violent Unravell  Hex/Tmut       0%         3d3       100%        5
 Leda's Unmaking          Conj/Erth      0%         9d1       100%        6
 Enfeeble                 Hex            0%         N/A       100%        7
 Ignition                 Fire           0%         3d3       100%        8


Dungeon Overview and Level Annotations

Branches:
Dungeon (13/15)            Temple (1/1) D:6            Lair (5/5) D:10
  Swamp (1/4) Lair:3        Snake (0/4) Lair:3        Slime (0/5) Lair:5
    Orc (2/2) D:9             Elf (0/3) Orc:2        Vaults (0/5) D:13
Ossuary (visited)

Altars:
Ashenzari
Cheibriados
Dithmenos
Elyvilon
Fedhas
Gozag
Hepliaklqana
Kikubaaqudgha
Makhleb
Nemelex Xobeh
Okawaru
Qazlal
Ru
Sif Muna
Trog
Uskayaw
Vehumet
Wu Jian
Xom
Yredelemnul
Zin
The Shining One
Jiyva

Shops:
D:9 =(   Orc:2 [:?=

Portals:
Hell: Lair:5

Annotations:
D:7 2 transporters, innerfire43's ghost, novice DsMo
Swamp:1 3 runed translucent doors, bmack86's ghost, journeyman MiFi


Innate Abilities, Weirdness & Mutations

You are a hulking beast.
Your limbs bulge with bestial killing power. (Slay +2)
You are too large for most types of armour.
You have tough skin. (AC +1)
You have a pair of small horns on your head.
You are clumsy. (Dex -2)
You are very weak. (Str -4)
Your spells are a little easier to cast, but a little less powerful.


Message History

You hear a roar!
The vampire mosquito misses you. The goliath frog hits you from afar!!
The acid corrodes you!
You are splashed with acid!
The alligator is engulfed in blazing flames.
You hear a splash. x3
The alligator explodes!
The fiery explosion engulfs the foxfire.
The foxfire completely resists.
The fiery explosion engulfs the swamp worm!!
Flame seeps out of the swamp worm.
The swamp worm is almost dead.
The fiery explosion engulfs you!!
The fiery explosion engulfs the goliath frog!!
Flame seeps out of the goliath frog.
The goliath frog is heavily wounded.
Bmack86's ghost whispers, "The ORB doesn't exist."
The vampire mosquito bites you.
The vampire mosquito draws strength from your injuries!
You hear a shout!
You hear an angry buzzing noise.
A seven-headed hydra comes into view.
The seven-headed hydra roars!
The foxfire hits you!!
* * * LOW HITPOINT WARNING * * *
The foxfire hits you!!
* * * LOW HITPOINT WARNING * * *
The vampire mosquito misses you.
The goliath frog is engulfed in blazing flames.
Flame seeps out of the goliath frog.
The swamp worm is engulfed in noxious fumes.
The swamp worm appears confused.
Bmack86's ghost is distracted by your dazzling golden aura.
The swamp worm is engulfed in blazing flames.
You hear a splash.
The swamp worm explodes!
The fiery explosion engulfs the swamp worm!!!
You hear a splash. x2
The fiery explosion engulfs you!!!
You die...
Xom guffaws!
Your body crumbles into a pile of gold.

..~~~~♣~~~.~~~...
~~.~~$§.~....♣~.~
~$.~~.~§~.~~~~~.~
.$...~..~.§§~.v..
~~~~~~~§§§v§§§~♣~
♣.~~~~♣§§§#####~~
.D...~§§F##..P##♣
~~§~~.§§§#W?..P#
$$§~~~§hy+D....(
~~§~~~$.$+..).!~
♣~.~~~...+.....♣
~~~~~~$..#.$..P#
~~$~~~~.§##P♣~##
.~......§§#####
.~♣~~~~.§♣~
♣♣♣~~~~.♣~~~


You could see a ten-headed hydra, a seven-headed hydra, a goliath frog (inner
flame), a will-o-the-wisp, a vampire mosquito (inner flame) and bmack86's ghost
(unaware).

Vanquished Creatures
  A dire elephant (Lair:5)
  Snorg (D:10)
  Erolcha (D:10)
  6 hydras
  4 vault guards (D:13)
  A catoblepas (Lair:1)
  3 centaur warriors
  2 ogre magi (D:13)
  3 boulder beetles
  An alligator (Swamp:1)
  The ghost of Raacer the Prestidigitator, a journeyman KoHu of Hepliaklqana (Lair:1)
  6 two-headed ogres
  2 tengu warriors (D:12)
  4 orc high priests
  6 death yaks (Lair:3)
  Nergalle (D:12)
  2 skysharks (Lair:4)
  A sixfirhy (Lair:5)
  The ghost of Cetrigux the Jinx, a novice SpEn of Kikubaaqudgha (Lair:1)
  The ghost of Cetrigux the Jinx, a novice SpEn of Kikubaaqudgha (Lair:1)
  6 orc knights
  A wizard (Lair:5)
  A deep elf pyromancer (D:13)
  5 orc sorcerers (Orc:2)
  2 cyclopes
  2 ugly things (D:12)
  17 elephants
  2 black mambas
  An unseen horror (D:12)
  8 cane toads
  2 orange demons (Lair:5)
  A torpor snail (Lair:5)
  2 gargoyles
  Psyche (D:12)
  2 efreet
  6 rime drakes
  A tengu conjurer (D:12)
  3 yaktaurs
  A red devil (Lair:5)
  7 komodo dragons
  2 ice devils (Lair:5)
  A hellwing (Lair:5)
  Grinder (D:5)
  3 meliai (D:9)
  3 trolls
  6 polar bears
  2 hornets
  12 blink frogs
  4 dream sheep (Lair:4)
  A slime creature (D:12)
  6 wraiths
  2 wyverns
  4 vampires
  32 yaks
  3 basilisks
  A steam dragon (D:8)
  11 vampire mosquitoes
  5 wargs
  2 swamp worms (Swamp:1)
  Duvessa (D:7)
  5 nagas (Lair:3)
  5 hell hounds (Lair:5)
  17 water moccasins
  5 ice beasts
  2 black bears (D:5)
  21 orc warriors
  2 sky beasts
  30 wolves
  7 ogres
  A boggart (D:12)
  5 centaurs
  A kobold brigand (D:10)
  7 bullfrogs
  3 scorpions
  Dowan (D:7)
  4 wights
  7 killer bees
  4 howler monkeys
  A hound (D:4)
  16 orc priests
  A jelly (D:4)
  A sleepcap (D:4)
  2 iguanas
  24 orc wizards
  8 mummies (Ossuary)
  4 gnolls (D:2)
  5 adders
  2 white imps (D:7)
  2 worms (D:3)
  7 dart slugs
  74 orcs
  10 bats
  8 endoplasms
  3 giant cockroaches
  7 goblins
  6 hobgoblins
  5 jackals
  14 kobolds
  6 quokkas
  4 ball pythons
  5 frilled lizards
  2 hobgoblin zombies (Ossuary)
  3 kobold zombies (Ossuary)
  3 orc zombies (Ossuary)
  7 rats
  A butterfly (D:12)
579 creatures vanquished.

Vanquished Creatures (others)
  A bullfrog (D:7)
  A jelly (D:7)
  An orc (Orc:2)
  4 foxfires (Swamp:1)
7 creatures vanquished.

Grand Total: 586 creatures vanquished

Notes
Turn   | Place    | Note
-------+----------+-------------------------------------------
     0 | D:1      | Monkooky the Ogre Shapeshifter began the quest for the Orb.
     0 | D:1      | Reached XP level 1. HP: 22/22 MP: 1/1
    55 | D:1      | Reached skill level 3 in Fighting
    71 | D:1      | Reached XP level 2. HP: 17/31 MP: 2/2
   399 | D:1      | Reached skill level 4 in Fighting
   434 | D:1      | Reached XP level 3. HP: 34/39 MP: 3/3
  1239 | D:2      | Reached skill level 5 in Fighting
  1260 | D:2      | Found a faded altar of an unknown god.
  1286 | D:2      | Prayed at the altar of an unknown god.
  1286 | D:2      | Became a worshipper of Xom of Chaos
  1591 | D:2      | Reached XP level 4. HP: 44/50 MP: 4/4
  1625 | D:2      | Reached skill level 6 in Fighting
  1656 | D:2      | XOM: silly message
  2007 | D:3      | Reached XP level 5. HP: 58/61 MP: 5/5
  2605 | D:4      | Found a sand-covered staircase.
  2634 | Ossuary  | Entered an ossuary
  2648 | Ossuary  | XOM: butterfly on damage
  2649 | Ossuary  | Reached skill level 7 in Fighting
  2958 | Ossuary  | XOM: smoke on damage
  2962 | Ossuary  | Reached XP level 6. HP: 43/72 MP: 6/6
  2971 | Ossuary  | XOM: silly message
  3026 | Ossuary  | XOM: silly message
  3116 | Ossuary  | Reached skill level 8 in Fighting
  3294 | D:4      | XOM: draining
  3335 | D:4      | XOM: confusion (+ monsters)
  3342 | D:4      | XOM: confusion
  3724 | D:4      | Reached skill level 9 in Fighting
  3968 | D:4      | Reached XP level 7. HP: 23/83 MP: 7/7
  4557 | D:4      | Found a glowing silver altar of Zin.
  4558 | D:4      | Found a glowing golden altar of the Shining One.
  4560 | D:4      | Found a white marble altar of Elyvilon.
  5093 | D:4      | Found an opulent altar of Gozag.
  5098 | D:4      | Found a broken altar of Ashenzari.
  5098 | D:4      | Found a burning altar of Makhleb.
  5105 | D:4      | Found a bloodstained altar of Trog.
  5105 | D:4      | Found a shimmering blue altar of Sif Muna.
  5147 | D:4      | Fell from the grace of Xom
  5147 | D:4      | Became a worshipper of Gozag Ym Sagoz the Greedy
  5440 | D:5      | Entered Level 5 of the Dungeon
  5489 | D:5      | Identified a scroll of acquirement
  5497 | D:5      | Acquired the +12 glaive of Prune {freeze, Prune}
  5497 | D:5      | Found the +12 glaive of Prune {freeze, Prune}
  5573 | D:5      | Reached skill level 1 in Polearms
  5653 | D:5      | Reached XP level 8. HP: 92/92 MP: 8/8
  5800 | D:5      | Reached skill level 5 in Polearms
  5914 | D:5      | Noticed Grinder
  5925 | D:5      | Killed Grinder
  6034 | D:5      | Acquired 843 gold pieces
  6375 | D:6      | Found a staircase to the Ecumenical Temple.
  6386 | Temple   | Entered the Ecumenical Temple
  6504 | D:6      | XOM: torment (47/92 hp)
  6729 | D:6      | Reached XP level 9. HP: 100/100 MP: 9/9
  7584 | D:7      | Noticed an efreet
  7584 | D:7      | XOM: 2-stop teleportation journey
  7599 | D:7      | Noticed innerfire43's ghost (novice DsMo)
  7668 | D:7      | XOM: summons 2 hostile demons
  7727 | D:7      | Noticed Dowan
  7728 | D:7      | Noticed Duvessa
  7734 | D:7      | Killed Duvessa
  7739 | D:7      | Reached skill level 10 in Polearms
  7747 | D:7      | Killed Dowan
  7840 | D:7      | XOM: give mutations
  7840 | D:7      | Gained mutation: You are frail. (-10% HP) [Xom's mischief]
  7840 | D:7      | Gained mutation: You have a pair of small horns on your
                  | head. [Xom's mischief]
  7840 | D:7      | Lost mutation: You are frail. (-10% HP) [Xom's mischief]
  7840 | D:7      | Gained mutation: You do not regenerate when monsters are
                  | visible. [Xom's mischief]
  7897 | D:7      | Found a transporter.
  7902 | D:7      | Found a transporter.
  7987 | D:7      | XOM: noise
  8277 | D:8      | Reached XP level 10. HP: 107/107 MP: 10/10
  8579 | D:8      | XOM: polymorph kobold brigand -> blink frog
  8824 | D:8      | XOM: give mutations
  8824 | D:8      | Gained mutation: You are clumsy. (Dex -2) [Xom's mischief]
  8824 | D:8      | Gained mutation: Your system is resistant to poisons.
                  | (rPois) [Xom's mischief]
  8824 | D:8      | Gained mutation: You are dopey. (Int -2) [Xom's mischief]
  8824 | D:8      | Lost mutation: Your system is resistant to poisons. (rPois)
                  | [Xom's mischief]
  8835 | D:8      | XOM: summons 4 hostile demons
  8944 | D:8      | XOM: give mutation
  8944 | D:8      | Gained mutation: You are partially covered in iridescent
                  | scales. (AC +2) [Xom's mischief]
  9538 | D:9      | Found Rotuamaa's Antique Weapon Shop.
  9583 | D:9      | Found Zenuth's Jewellery Emporium.
  9591 | D:9      | Bought a +4 ring of protection for 576 gold pieces
  9614 | D:9      | Found a staircase to the Orcish Mines.
  9772 | D:9      | Noticed a two-headed ogre
  9780 | D:9      | Killed a two-headed ogre
  9943 | D:9      | Reached XP level 11. HP: 115/115 MP: 11/11
 10215 | D:9      | Noticed a two-headed ogre
 10222 | D:9      | Killed a two-headed ogre
 10462 | D:10     | Entered Level 10 of the Dungeon
 10484 | D:10     | Reached skill level 15 in Polearms
 10571 | D:10     | XOM: god gift: 39 gold pieces
 10621 | D:10     | Noticed Erolcha
 10630 | D:10     | Killed Erolcha
 10749 | D:10     | Found a staircase to the Lair.
 10760 | D:10     | Noticed Snorg
 10770 | D:10     | Killed Snorg
 11155 | D:10     | Noticed a two-headed ogre
 11158 | D:10     | Killed a two-headed ogre
 11516 | D:10     | XOM: noise
 11661 | Orc:1    | Entered Level 1 of the Orcish Mines
 11998 | Orc:2    | Entered Level 2 of the Orcish Mines
 11999 | Orc:2    | Noticed an orc high priest
 12002 | Orc:2    | Reached XP level 12. HP: 124/124 MP: 12/12
 12114 | Orc:2    | Found a staircase to the Elven Halls.
 12548 | Orc:1    | Killed an orc high priest
 12774 | Orc:2    | Reached skill level 10 in Fighting
 13044 | Orc:2    | XOM: give mutations
 13044 | Orc:2    | Gained mutation: You are weak. (Str -2) [Xom's mischief]
 13044 | Orc:2    | Gained mutation: You are very weak. (Str -4) [Xom's
                  | mischief]
 13044 | Orc:2    | Lost mutation: You are dopey. (Int -2) [Xom's mischief]
 13193 | Orc:2    | Reached skill level 11 in Fighting
 13199 | Orc:2    | Noticed an orc high priest
 13458 | Orc:2    | XOM: give mutations
 13458 | Orc:2    | Gained mutation: Your spells are a little easier to cast,
                  | but a little less powerful. [Xom's mischief]
 13458 | Orc:2    | Lost mutation: You are partially covered in iridescent
                  | scales. (AC +2) [Xom's mischief]
 13458 | Orc:2    | Lost mutation: You do not regenerate when monsters are
                  | visible. [Xom's mischief]
 13686 | Orc:1    | XOM: scenery: create altars
 13758 | Orc:2    | Noticed an orc high priest
 13764 | Orc:2    | Killed an orc high priest
 13765 | Orc:2    | Reached skill level 12 in Fighting
 13772 | Orc:2    | Killed an orc high priest
 13775 | Orc:2    | Noticed an orc high priest
 13945 | Orc:2    | Killed an orc high priest
 13976 | Orc:2    | Reached skill level 13 in Fighting
 14049 | Orc:2    | Found Roepsehe's Jewellery Shoppe.
 14049 | Orc:2    | Found Kavon's Antique Armour Shop.
 14051 | Orc:2    | Found Casmybbyni's Magic Scroll Shoppe.
 14051 | Orc:2    | Found Niusoqov's Book Shop.
 14305 | Lair:1   | Entered Level 1 of the Lair of Beasts
 14339 | Lair:1   | Reached XP level 13. HP: 132/144 MP: 13/13
 14550 | Lair:1   | XOM: noise
 14550 | Lair:1   | Was forgiven by Xom
 14586 | Lair:1   | Reached skill level 14 in Fighting
 15189 | Lair:1   | Found a runed translucent gate.
 15195 | Lair:1   | Found a runed translucent gate.
 15195 | Lair:1   | Found a runed translucent gate.
 15201 | Lair:1   | Noticed Cetrigux's ghost (novice SpEn)
 15201 | Lair:1   | Noticed Cetrigux's ghost (novice SpEn)
 15201 | Lair:1   | Noticed Raacer's ghost (journeyman KoHu)
 15214 | Lair:1   | Killed Cetrigux's ghost
 15222 | Lair:1   | Killed Cetrigux's ghost
 15226 | Lair:1   | Killed Raacer's ghost
 15492 | Lair:1   | Reached skill level 15 in Fighting
 16524 | Lair:2   | Reached skill level 16 in Fighting
 16789 | Lair:3   | Found a staircase to the Swamp.
 16960 | Lair:3   | Found a white marble altar of Elyvilon.
 17032 | Lair:3   | Found a staircase to the Snake Pit.
 17215 | Lair:3   | Reached skill level 17 in Fighting
 17217 | Lair:3   | Reached XP level 14. HP: 111/166 MP: 14/14
 17937 | Lair:3   | Reached skill level 18 in Fighting
 19823 | Lair:5   | Entered Level 5 of the Lair of Beasts
 19873 | Lair:5   | Reached skill level 19 in Fighting
 20235 | Lair:5   | Found a staircase to the Slime Pits.
 20244 | Lair:5   | Found a viscous altar of Jiyva.
 20876 | Lair:5   | Noticed a dire elephant
 20887 | Lair:5   | Killed a dire elephant
 21059 | Lair:5   | Reached skill level 20 in Fighting
 21307 | Lair:5   | Found a burning altar of Makhleb.
 21313 | Lair:5   | Found a gateway to Hell.
 21827 | D:11     | Reached XP level 15. HP: 183/183 MP: 15/15
 23000 | D:12     | Reached skill level 21 in Fighting
 23090 | D:12     | Noticed Nergalle
 23100 | D:12     | Killed Nergalle
 23279 | D:12     | Noticed Psyche
 23288 | D:12     | Killed Psyche
 23408 | D:12     | Identified the +1 robe "Zoddamna" {rC+ Str+4}
 23545 | D:12     | Found a shadowy altar of Dithmenos.
 23592 | D:12     | Identified the +2 robe of Caivoomp {Contam +Inv rPois}
 23594 | D:12     | Identified the +4 dagger "Uqieq" {drain, rF++ MP+9 Dex-5
                  | SInv}
 23636 | D:12     | Got Fuoreuff's Octavo of the Wind
 23637 | D:12     | Identified the +3 war axe "Guggixoo" {freeze, Dex+4}
 24263 | D:13     | Paralysed by an ogre mage for 4 turns
 24270 | D:13     | Paralysed by something for 2 turns
 24298 | D:13     | Reached skill level 1 in Armour
 24604 | D:13     | Found a gate to the Vaults.
 25820 | Swamp:1  | Entered Level 1 of the Swamp
 25820 | Swamp:1  | Noticed bmack86's ghost (journeyman MiFi)
 25820 | Swamp:1  | Found a runed translucent gate.
 25820 | Swamp:1  | Found a runed translucent gate.
 25820 | Swamp:1  | Found a runed translucent gate.
 25833 | Swamp:1  | Killed by an exploding swamp worm... ignited by their inner
                  | flame

Illustrated notes

Levels and vault maps discovered:
D:1:      lemuel_arrival_lava_pool, layout_loops_corners, minmay_pentomino_u4
D:2:      layout_rooms, ebering_ecumenical_altar_rust, minivault_23
D:3:      layout_rooms, minmay_misc_feat_x
D:4:      layout_layer_cave, good_gods_mini_temple,
          minmay_overflow_temple_star_hex,
          nicolae_ossuary_entry_false_entrances, chequers_avenue
D:5:      layout_basic, uniq_grinder
D:6:      hellmonk_destroyed_diamonds, layout_loops_ring,
          minmay_temple_entry_waves
D:7:      layout_rooms, gammafunk_ghost_arena, uniq_duvessa
D:8:      layout_cave_pods, lemuel_flame_loot_1
D:9:      layout_irregular_city, minmay_orc_entry_temple_small, serial_shops,
          shop, nicolae_shop_tiny_statue_garden
D:10:     layout_irregular_city, hellmonk_lair_entry_icy, uniq_erolcha,
          uniq_snorg
D:11:     layout_layer_cave
D:12:     minmay_the_grid_triangle_9x9_rhombus_full_mashed
          [minmay_the_grid_triangle_9x9_zippers_horizontal,
          minmay_the_grid_triangle_9x9_zippers_vertical,
          minmay_the_grid_triangle_9x9_longest,
          minmay_the_grid_triangle_9x9_sprig,
          minmay_the_grid_triangle_9x9_steps,
          minmay_the_grid_triangle_9x9_empty,
          minmay_the_grid_triangle_9x9_descending_squares,
          minmay_the_grid_triangle_9x9_prize_center], layout_gridville,
          hangedman_glass_garden, nicolae_dithmenos_through_a_glass_darkly,
          uniq_psyche, uniq_nergalle
D:13:     layout_grid_maze, grunt_vaults_entry_fortified
Temple:   nicolae_temple_two_arcs
Lair:1:   layout_cave_pods, gammafunk_ghost_cemetery
Lair:2:   layout_chaotic_city
Lair:3:   layout_cellular_growth, swamp_mist,
          minmay_snake_entry_guardpost_large, basic_altar
Lair:4:   layout_cave_pods, serial_bayou_crossing
Lair:5:   evil_forest, layout_regular_city, slime_entry_1
Swamp:1:  layout_falls_marsh, gammafunk_ghost_hydra_chop,
          evilmike_swamp_ruin_house_5, nicolae_swamp_soggy_hallways
Orc:1:    minmay_goldmine, layout_caves
Orc:2:    grunt_orc_tribal_feast, layout_caves

Skill      XL: |  1  2  3  4  5  6  7  8  9 10 11 12 13 14 15 |
---------------+----------------------------------------------+-----
Fighting       | 3 4 5 6 7 9 13 17 20 21 | 21.8
Unarmed Combat | 2 |  2.1
Polearms       | 4 8 11 14 16 18 19 20 | 20.0
Dodging        | 3 |  3.8
Armour         | 2 |  2.8
Shapeshifting  | |  3.5

Action                     |  1- 3 |  4- 6 |  7- 9 | 10-12 | 13-15 || total
---------------------------+-------+-------+-------+-------+-------++-------
  Melee: Unarmed           |    21 |     1 |    11 |       |       ||    33
         Quarterstaff      |   102 |   184 |    39 |       |       ||   325
         Glaive            |       |       |   106 |   386 |   670 ||  1162
         Whip              |       |       |     7 |       |       ||     7
         Headbutt          |       |       |     1 |    39 |    94 ||   134
  Throw: Dart              |       |       |     4 |    16 |    19 ||    39
 Invoke: Potion Petition   |       |       |       |     1 |       ||     1
  Evoke: Wand              |       |       |       |     2 |     1 ||     3
         Condenser vane    |       |       |       |       |     1 ||     1
    Use: Scroll            |       |     8 |     8 |     3 |    10 ||    29
         Potion            |       |     1 |     1 |       |       ||     2
   Stab: Sleeping          |       |     1 |     1 |       |       ||     2
         Distracted        |       |       |     1 |     3 |     2 ||     6
 Armour: Animal skin       |    48 |    48 |    26 |       |       ||   122
         Skin              |       |     1 |    11 |       |       ||    12
         Robe              |       |       |       |    88 |   162 ||   250
  Dodge: Dodged            |    89 |    91 |    55 |   105 |   224 ||   564

Table legend: (Time is in decaauts)
 A = Elapsed time spent in this place.
 B = Non-inter-level travel time spent in this place.
 C = Inter-level travel time spent in this place.
 D = Time resting spent in this place.
 E = Time spent auto-exploring this place.
 F = Levels seen in this place.
 G = Mean time per level.
                   A        B        C        D        E       F      G
               +--------+--------+--------+--------+--------+-----+--------+
         Total |  25785 |  24726 |   1059 |   2231 |  19116 |  23 | 1121.1 |
       Dungeon |  15134 |  14551 |    583 |    696 |  11789 |  13 | 1164.2 |
        Temple |      1 |      1 |      0 |      0 |      0 |   1 |    1.0 |
          Lair |   7402 |   6980 |    422 |    285 |   5946 |   5 | 1480.4 |
         Swamp |     11 |     11 |      0 |      0 |      0 |   1 |   11.0 |
  Orcish Mines |   2561 |   2508 |     53 |   1237 |    854 |   2 | 1280.5 |
       Ossuary |    672 |    672 |      0 |     12 |    527 |   1 |  672.0 |
               +--------+--------+--------+--------+--------+-----+--------+

Top non-repeatable levels by time:
     D:4: 2024 daAuts
    D:13: 1752 daAuts
  Lair:3: 1738 daAuts
  Lair:5: 1711 daAuts
  Lair:1: 1674 daAuts
   Orc:1: 1342 daAuts
  Lair:4: 1331 daAuts
     D:8: 1310 daAuts
    D:10: 1230 daAuts
   Orc:2: 1219 daAuts
     D:1: 1184 daAuts
    D:11: 1169 daAuts
     D:6: 1119 daAuts
     D:9: 1113 daAuts
    D:12: 979 daAuts
